 Dungeon Crawl Stone Soup version 0.30.1-4-g462c640d31 (webtiles) character file.

Game seed: 2180062061345188531

65 booth the Chopper (level 3, 0/28 HPs)
             Began as a Demonspawn Gladiator on Sept 11, 2023.
             Succumbed to Robin's poison
             ... on level 2 of the Dungeon.
             The game lasted 00:10:06 (1646 turns).

booth the Chopper (Demonspawn Gladiator)            Turns: 1646, Time: 00:10:07

Health: 0/28       AC:  6    Str: 11 (14) XL:     3   Next: 92%
Magic:  3/3        EV: 11    Int: 10 (11) God:
Gold:   11         SH:  0    Dex: 13 (14) Spells: 2/2 levels left

rFire   . . .        a - +1 war axe
rCold   . . .        (no shield)
rNeg    . . .        i - +0 ring mail
rPois   .            (helmet restricted)
rElec   .            (no cloak)
rCorr   .            (no gloves)
SInv    .            j - +0 pair of boots
Will    .....        (no amulet)
Stlth   +            (no ring)
HPRegen 0.24/turn    (no ring)
MPRegen 0.08/turn

%: no passive effects
@: lethally poisoned (0 -> -1)
A: antennae 1, powered by death 1
a: no special abilities


You were on level 2 of the Dungeon.
You visited 1 branch of the dungeon, and saw 2 of its levels.

You collected 93 gold pieces.
You spent 82 gold pieces at shops.

Inventory:

Hand Weapons
 a - a +1 war axe (weapon)
Missiles
 d - 2 throwing nets (quivered)
 e - a javelin
 h - 6 poisoned darts
Armour
 c - a +0 scale mail
 i - a +0 ring mail (worn)
 j - a +0 pair of boots (worn)
 k - an orb of mayhem
Scrolls
 b - a scroll of amnesia {unknown}


   Skills:
 + Level 2.6 Fighting
 * Level 3.3 Axes
 + Level 0.4(2.1) Maces & Flails
 + Level 2.3 Throwing
 + Level 3.1 Dodging


You had 2 spell levels left.
You didn't know any spells.
Your spell library contained the following spells:

 Spells                   Type           Power      Damage    Failure   Level
 Magic Dart               Conj           0%         1d3       67%         1
 Searing Ray              Conj           0%         2d4       80%         2
 Inner Flame              Hex/Fire       0%         N/A       95%         3
 Flame Wave               Conj/Fire      0%         2d4       100%        4
 Fulminant Prism          Conj/Hex       0%         3d5       100%        4
 Sticky Flame             Conj/Fire      0%         2d3       100%        4
 Malign Gateway           Summ/Tloc      0%         N/A       100%        7
 Summon Horrible Things   Summ           0%         N/A       100%        8


Dungeon Overview and Level Annotations

Branches:
Dungeon (2/15)

Altars:

Shops:
D:1 *


Innate Abilities, Weirdness & Mutations

You have a pair of small antennae on your head.
You regenerate a little health from kills.


Message History

The goblin goes into a battle-frenzy!
You barely miss the goblin. Robin throws the goblin at you!
The goblin closely misses you. The goblin hits you with a +0 club.
The goblin hits you but does no damage. The goblin closely misses you.
You hit the goblin.
The goblin is severely wounded.
You hit the goblin but do no damage. The goblin closely misses you.
The goblin hits you with a +0 club.
You hit the goblin.
You kill the goblin!
You miss the goblin. The goblin hits you but does no damage.
You slash Robin!
Robin is severely wounded.
You barely miss the goblin. Robin barely misses you.
The goblin hits you with a +0 club. The goblin hits you but does no damage.
Robin hits you with a +1 short sword of venom.
You are poisoned.
You barely miss Robin.
Robin is severely wounded.
You hit the goblin but do no damage.
You feel very sick.
Robin laughs in a distinctly smug fashion.
Robin closely misses you. The goblin hits you but does no damage.
You slash Robin!
You kill Robin!
You hit the goblin.
You feel sick. The goblin hits you with a +0 club.
* * * LOW HITPOINT WARNING * * *
The goblin closely misses you.
You feel your intelligence returning.
You hit the goblin but do no damage.
The goblin is severely wounded.
You feel sick. The goblin hits you with a +0 club.
* * * LOW HITPOINT WARNING * * *
You hit the goblin but do no damage.
The goblin is severely wounded.
* * * LOW HITPOINT WARNING * * *
You feel sick. The goblin hits you but does no damage.
You barely miss the goblin.
The goblin is severely wounded.
You die...

........# ##...#.##
#.###...... ..######
##.#..##.###.# #...##. #.#
##.##..###.##.###..###. #.#
##.###.)# ##.#......# #. #.#
##.###...# ##...##..# #.
#.#######.###g..)# ##..##..#
#. #..........g.#...# #..##..#
#. #####.##.##.##.#)#
#..##..###. #.##.#..##.#@#
#.......... ##.##g.#.##.#g#
##.##...... #...g.##.##.#.#
#.##.##### #.†#####.##.#.#
#.##.##
#..#####.####.#######.#...####
#........####.................
#.####........#######.#...####
# #.# #.######.# ###.##.#..>.
.###.# #.# #.# #......#[###


You could see a goblin (strong).

Vanquished Creatures
  Robin (D:2)
  An adder (D:2)
  A dart slug (D:1)
  4 endoplasms
  A giant cockroach (D:1)
  9 goblins
  5 hobgoblins
  4 jackals (D:1)
  2 quokkas (D:2)
  3 bats
  5 kobolds
  2 rats
38 creatures vanquished.

Notes
Turn   | Place    | Note
-------+----------+-------------------------------------------
     0 | D:1      | booth the Demonspawn Gladiator began the quest for the Orb.
     0 | D:1      | Reached XP level 1. HP: 16/16 MP: 1/1
    13 | D:1      | Found Itioluoh's General Store.
   208 | D:1      | Gained mutation: You regenerate a little health from kills.
                  | [demonic ancestry]
   208 | D:1      | Reached XP level 2. HP: 22/22 MP: 2/2
   792 | D:1      | Found a faded altar of an unknown god.
   986 | D:2      | Gained mutation: You have a pair of small antennae on your
                  | head. [demonic ancestry]
   986 | D:2      | Reached XP level 3. HP: 28/28 MP: 3/3
  1344 | D:1      | Bought a scroll of enchant weapon for 82 gold pieces
  1382 | D:2      | Noticed Robin
  1394 | D:2      | HP: 1/28 [goblin/+0 club[Robin] (6)]
  1643 | D:2      | Killed Robin
  1645 | D:2      | HP: 1/28 [poisoned by Robin]
  1646 | D:2      | Succumbed to Robin's poison

Illustrated notes

Levels and vault maps discovered:
D:1:      dpeg_arrival_windows_large_door, layout_loops_cross,
          chequers_ecumenical_altar_lobes, serial_shops, nicolae_shop_trees,
          minmay_tripent
D:2:      layout_loops_ring, minmay_tetromino_t2, uniq_robin

Skill      XL: |  1  2 |
---------------+-------+-----
Throwing       | 2 |  2.3
Axes           | 3 |  3.3
Dodging        | 3 |  3.1
Fighting       | |  2.6
Maces & Flails | |  0.4

Action                     || total
---------------------------++-------
  Melee: War axe           ||   114
  Throw: Throwing net      ||     1
    Use: Potion            ||     3
         Scroll            ||     2
   Stab: Sleeping          ||     1
 Armour: Leather armour    ||    27
         Ring mail         ||    25
  Dodge: Dodged            ||    90
